 Dungeon Crawl Stone Soup version 0.25-a0-860-gf695395b5c (webtiles) character file.

Game seed: 7374476935215399240, levelgen mode: deterministic

68872 Maedhros the Bringer of Law (level 15, -1/97 HPs)
             Began as an Octopode Artificer on Apr 29, 2020.
             Was the Champion of Zin.
             Slain by a six-headed hydra (7 damage)
             ... on level 1 of the Lair of Beasts.
             The game lasted 00:41:33 (32018 turns).

Maedhros the Bringer of Law (Octopode Artificer)   Turns: 32018, Time: 00:41:34

Health: -1/97      AC:  3    Str:  9 (13) XL:     15   Next: 28%
Magic:  34/42      EV: 24    Int: 16 (18) God:    Zin [******]
Gold:   1589       SH:  4    Dex: 19      Spells: 10/14 levels left

rFire    + . .     SeeInvis +     - Unarmed
rCold    + + .     Gourm    .   (no shield)
rNeg     . . .     Faith    .   (helmet restricted)
rPois    +         Spirit   .   m - amulet of regeneration
rElec    .         Reflect  .   I - ring of see invisible
rCorr    .         Harm     .   f - ring of magical power
MR       ++...                  F - ring of poison resistance
Stlth    +++.......             i - ring of Doubts {rPois rC++ MR+ Int+4 Stlth-}
HPRegen  0.66/turn              N - ring of magical power
MPRegen  0.28/turn              U - ring of protection from fire
                                (no ring)
                                (no ring)

@: no status effects
A: almost no armour, stealthy swim, amphibious, 8 rings, constrict 8, tentacle
spike 1, large bone plates 1, thin metallic scales 1, camouflage 1, agile 1,
deterioration 1, dopey 1, strong 1, gelatinous body 1, evolution 1, MP-powered
wands
a: Recite, Vitalisation, Imprison, Sanctuary, Donate Gold, Renounce Religion


You were on level 1 of the Lair of Beasts.
You worshipped Zin.
Zin was exalted by your worship.
You were not hungry.

You visited 4 branches of the dungeon, and saw 18 of its levels.
You also visited: Ossuary, Bailey and Ice Cave.

You collected 1802 gold pieces.
You spent 33 gold pieces at shops.
You donated 180 gold pieces to Zin.

Inventory:

Hand Weapons
 a - the +8 longbow "Zephyr" {speed, Dex+3 SInv}
   (You acquired it on level 11 of the Dungeon)

   Attacks with this weapon are significantly faster.
   It affects your dexterity (+3).
   It lets you see invisible.
 o - a +0 hunting sling
Missiles
 h - 2 atropa-tipped darts
 k - 91 poisoned darts (quivered)
 p - 112 sling bullets
 t - a throwing net
 D - 390 stones
 Q - 281 arrows
Magical Staves
 C - an uncursed staff of energy
Jewellery
 f - a ring of magical power (right tentacle)
 i - the ring of Doubts (on tentacle) {rPois rC++ MR+ Int+4 Stlth-}
   (You acquired it on level 11 of the Dungeon)

   [ring of protection from magic]

   It affects your intelligence (+4).
   It greatly protects you from cold.
   It protects you from poison.
   It affects your resistance to hostile enchantments.
   It makes you less stealthy.
 m - an amulet of regeneration (around mantle)
 x - an uncursed amulet of guardian spirit {unknown}
 F - a ring of poison resistance (on tentacle)
 I - a ring of see invisible (left tentacle)
 N - a ring of magical power (on tentacle)
 P - a +3 amulet of reflection {unknown}
 U - a ring of protection from fire (on tentacle)
 W - an uncursed ring of stealth {unknown}
Wands
 c - a wand of enslavement (8)
 d - a wand of random effects (17)
 e - a wand of flame (15)
 y - a wand of acid (3)
 B - a wand of scattershot (5)
Scrolls
 b - 5 scrolls of enchant weapon
 g - 4 scrolls of immolation
 j - 3 scrolls of enchant armour
 l - 11 scrolls of remove curse
 n - 4 scrolls of amnesia
 s - 2 scrolls of noise {unknown}
 v - 5 scrolls of teleportation
 z - 2 scrolls of blinking {unknown}
 A - a scroll of fog {unknown}
 H - 2 scrolls of vulnerability {unknown}
 L - a scroll of magic mapping
 R - 2 scrolls of random uselessness
 V - a scroll of torment {unknown}
Potions
 q - 7 potions of curing
 r - 2 potions of ambrosia
 u - 2 potions of cancellation
 w - 5 potions of flight
 G - 3 potions of might
 J - 2 potions of haste
 K - a potion of brilliance
 M - a potion of stabbing
 S - a potion of heal wounds
 T - 2 potions of resistance
Comestibles
 E - 9 rations


   Skills:
 - Level 7.3 Fighting
   Level 1.0 Short Blades
 - Level 11.0 Bows
 * Level 12.4 Dodging
 - Level 4.0 Stealth
 - Level 12.2 Unarmed Combat
 * Level 13.3 Invocations
 - Level 3.2 Evocations


You had 10 spell levels left.
You knew the following spells:

 Your Spells              Type           Power        Failure   Level  Hunger
a - Summon Lightning Spi  Summ/Air       #.......     94%         4    #####..

Your spell library contained the following spells:

 Spells                   Type           Power        Failure   Level  Hunger
 Foxfire                  Conj/Fire      #...         26%         1    ##.....
 Summon Small Mammal      Summ           #...         26%         1    ##.....
 Call Imp                 Summ           #.......     36%         2    ###....
 Call Canine Familiar     Summ           #.......     58%         3    ####...
 Confusing Touch          Hex            #.......     58%         3    ####...
 Gell's Gravitas          Tloc           #.........   58%         3    ####...
 Ignite Poison            Fire/Tmut/Pois #.......     58%         3    ####...
 Summon Guardian Golem    Hex/Summ       #.......     58%         3    ####...
 Petrify                  Tmut/Erth      #.......     94%         4    #####..
 Summon Ice Beast         Ice/Summ       #.......     94%         4    #####..
 Bolt of Magma            Conj/Fire/Erth #.........   100%        5    ######.
 Iskenderun's Battlesphe  Conj/Chrm      #.......     100%        5    ######.
 Metabolic Englaciation   Hex/Ice        #.........   100%        5    ######.
 Yara's Violent Unravell  Hex/Tmut       #.........   100%        5    ######.
 Iron Shot                Conj/Erth      #.........   100%        6    #######
 Starburst                Conj/Fire      #.........   100%        6    #######
 Orb of Destruction       Conj           #.........   100%        7    #######
 Ring of Flames           Chrm/Fire      #.........   100%        7    #######
 Spellforged Servitor     Conj/Summ      #.........   100%        7    #######


Dungeon Overview and Level Annotations

Branches:
Dungeon (14/15)            Temple (1/1) D:7            Lair (1/6) D:10
    Orc (2/2) D:12            Elf (0/3) Orc:2       Ossuary (visited)
 Bailey (visited)           IceCv (visited)
 Vaults: D:13-14

Altars:
Ashenzari
Cheibriados
Dithmenos
Elyvilon
Fedhas
Gozag
Hepliaklqana
Kikubaaqudgha
Makhleb
Nemelex Xobeh
Okawaru
Qazlal
Ru
Sif Muna
Trog
Uskayaw
Vehumet
Wu Jian
Xom
Yredelemnul
Zin
The Shining One

Shops:
D:11 %}}(   Orc:1 %   Orc:2 *[(

Annotations:
D:8 2 transporters, ottosmops's ghost, novice MiFi


Innate Abilities, Weirdness & Mutations

You cannot wear most types of armour.
You are very stealthy in the water. (Stealth+)
You are amphibious.
You can wear up to eight rings at the same time.
You can use your tentacles to constrict eight enemies at once.
Your skin changes colour to match your surroundings (Stealth+).
Your rubbery body absorbs attacks. (AC +1, EV +1)
One of your tentacles bears a spike.
You are partially covered in large bone plates. (SH +4)
You are partially covered in thin metallic scales. (AC +2)
You are agile. (Dex +2)
Your body sometimes deteriorates upon taking damage.
You are dopey. (Int -2)
Your muscles are strong. (Str +2)
You evolve.
You expend magic power (3 MP) to strengthen your wands.


Message History

The six-headed hydra misses you. x2
The six-headed hydra completely misses you.
Unknown command.
Unknown command.
Evoke which item? (* to show all) (? for menu, Esc to quit)
Aiming: Corrosive Bolt
Press: ? - help, Shift-Dir - straight line, f - six-headed hydra
Aim: a six-headed hydra (severely wounded, covered in acid)
You feel a surge of power!
The bolt of acid hits the six-headed hydra!!
The six-headed hydra is splashed with acid.
The six-headed hydra seems to be corroded for longer.
The six-headed hydra is almost dead.
The six-headed hydra misses you. The six-headed hydra bites you!
* * * LOW HITPOINT WARNING * * *
You block the six-headed hydra's attack.
The six-headed hydra bites you!
* * * LOW HITPOINT WARNING * * *
The six-headed hydra bites you!
You die...

####.......#.
#....#####..# . #....#
### ..
##...##########...
#..##.##..........
######..#####......P...
#...#..### #......#
#......#.#####.#...##
#.........@D†..........
#P.##########.#[.#.####
#### ##..#.## #.### .#
.# .#


You could see a six-headed hydra.

Vanquished Creatures
  Frances (D:12)
  2 orc warlords
  An ettin (Orc:2)
  A hydra (D:14)
  2 centaur warriors (D:12)
  A two-headed ogre (D:10)
  2 orc high priests (Orc:2)
  3 orc knights
  A necromancer (IceCv)
  3 orc sorcerers (Orc:2)
  An oklob plant (D:10)
  2 ugly things
  A deep elf mage (D:13)
  Joseph (D:7)
  4 centaur zombies (D:10)
  2 ice statues (IceCv)
  2 gargoyles
  4 centaur skeletons
  A spiny frog (Lair:1)
  Maggie (D:7)
  10 ice devils
  2 hellwings (D:10)
  6 trolls
  5 hippogriffs
  A meliai zombie (D:12)
  A wyvern (D:12)
  A spriggan (D:7)
  A vampire (D:14)
  A wraith (D:10)
  A shadow (D:12)
  31 yaks
  4 basilisks
  2 wargs
  A water moccasin (Lair:1)
  35 orc warriors
  5 sky beasts
  2 eyes of draining
  A black bear (D:9)
  A necrophage (D:6)
  9 ogres
  5 ice beasts
  4 phantoms
  4 centaurs
  3 crocodiles
  7 bullfrogs
  5 big kobolds
  2 wyvern zombies
  3 elf zombies (Ossuary)
  Blork the orc (D:5)
  8 scorpions
  3 killer bees (D:11)
  3 howler monkeys
  2 vampire bats (D:7)
  A lava snake (D:7)
  7 crimson imps
  A draconian simulacrum (IceCv)
  4 jellies
  A quasit (D:8)
  3 human zombies (Ossuary)
  3 orc priests
  3 hounds
  20 orc wizards
  5 bullfrog skeletons
  Terence (D:2)
  7 iguanas
  7 worker ants
  A spriggan simulacrum (IceCv)
  2 troll simulacra (IceCv)
  4 giant cockroaches
  2 big kobold zombies (Ossuary)
  A centaur simulacrum (IceCv)
  4 mummies
  A hound skeleton (D:6)
  19 gnolls
  A howler monkey skeleton (D:10)
  8 adders
  4 naga simulacra (IceCv)
  An ogre simulacrum (IceCv)
  13 shadow imps
  3 adder zombies (Ossuary)
  3 adder skeletons
  4 worms
  2 dart slugs
  11 leopard geckos
  72 orcs
  A bat (D:2)
  3 bat skeletons (D:7)
  2 bat zombies (D:7)
  18 goblins
  18 hobgoblins
  3 jackals (D:3)
  4 quokkas
  2 ball pythons
  4 frilled lizards
  5 goblin zombies
  5 hobgoblin zombies
  2 jackal skeletons (D:7)
  3 jackal zombies (Ossuary)
  21 kobolds
  6 kobold zombies (Ossuary)
  4 quokka zombies (Ossuary)
  7 rats
  3 rat zombies (Ossuary)
  A plant (D:10)
537 creatures vanquished.

Vanquished Creatures (collateral kills)
  An orc knight (Bailey)
  A yak (D:12)
  An orc warrior (Bailey)
  A worker ant (D:12)
  A gnoll (Bailey)
  2 goblins (Bailey)
  A hobgoblin (Bailey)
  A frilled lizard (D:5)
  2 butterflies (D:6)
11 creatures vanquished.

Vanquished Creatures (others)
  An orc knight (Bailey)
  A yak (D:12)
  An ogre (D:4)
  A quokka (D:7)
  5 fungi (Orc:2)
  3 pillars of salt (IceCv)
  A withered plant (D:10)
13 creatures vanquished.

Grand Total: 561 creatures vanquished

Notes
Turn   | Place    | Note
-------+----------+-------------------------------------------
     0 | D:1      | Maedhros the Octopode Artificer began the quest for the
                  | Orb.
     0 | D:1      | Reached XP level 1. HP: 13/13 MP: 3/3
   111 | D:1      | Reached XP level 2. HP: 15/18 MP: 4/4
   341 | D:2      | Found a sacrificial altar of Ru.
   457 | D:3      | Noticed a crimson imp
   474 | D:3      | Killed a crimson imp
   474 | D:3      | Reached XP level 3. HP: 6/23 MP: 5/5
   480 | D:3      | Noticed an ice beast
   484 | D:3      | Killed an ice beast
   484 | D:3      | Reached XP level 4. HP: 8/28 MP: 6/6
   484 | D:3      | Reached XP level 5. HP: 9/33 MP: 7/7
   699 | D:4      | Found a sand-covered staircase.
   717 | Ossuary  | Entered an ossuary
   801 | Ossuary  | Reached skill level 5 in Unarmed Combat
   801 | Ossuary  | Reached XP level 6. HP: 9/38 MP: 8/8
   870 | Ossuary  | HP: 1/38 [elf zombie (7)]
  1010 | Ossuary  | Reached XP level 7. HP: 33/43 MP: 9/9
  1286 | D:4      | Reached XP level 8. HP: 41/48 MP: 10/10
  1323 | D:5      | Entered Level 5 of the Dungeon
  1472 | D:5      | Found a sacrificial altar of Ru.
  1475 | D:5      | Found a hide-covered altar of Uskayaw.
  1478 | D:5      | Found a hazy altar of Hepliaklqana.
  1493 | D:5      | Noticed Blork the orc
  1504 | D:5      | Killed Blork the orc
  1638 | D:6      | Found a burning altar of Makhleb.
  1650 | D:6      | Reached skill level 10 in Unarmed Combat
  1854 | D:6      | Reached XP level 9. HP: 39/53 MP: 11/11
  1981 | D:6      | Found a shimmering altar of Xom.
  2116 | D:7      | Noticed Maggie
  2131 | D:7      | Killed Maggie
  2158 | D:7      | Noticed Joseph
  2175 | D:7      | Killed Joseph
  2962 | D:6      | Reached XP level 10. HP: 62/63 MP: 12/12
  3137 | D:6      | Became a worshipper of Xom of Chaos
  3280 | D:5      | XOM: silly message
  3636 | D:4      | Found a sparkling altar of Nemelex Xobeh.
  4032 | D:7      | Found a staircase to the Ecumenical Temple.
  4041 | Temple   | Entered the Ecumenical Temple
  4421 | Temple   | XOM is BORED!
  4421 | Temple   | XOM: give mutations
  4421 | Temple   | Gained mutation: You are weak. (Str -2) [Xom's mischief]
  4421 | Temple   | Gained mutation: You are dopey. (Int -2) [Xom's mischief]
  4421 | Temple   | Gained mutation: You are robust. (+10% HP) [Xom's mischief]
  5184 | Temple   | XOM: silly message
  5774 | Temple   | XOM: noise
  5971 | Temple   | XOM: silly message
  6541 | Temple   | XOM: noise
  8352 | Temple   | XOM: god gift: potion of curing
  9184 | Temple   | XOM: stat loss: -1 Int (12/13)
  9300 | Temple   | XOM: summons 2 hostile demons
  9615 | Temple   | XOM: cloud trail
  9829 | Temple   | XOM: god gift: short smoking staff {god gift}
 10610 | Temple   | XOM: silly message
 11087 | Temple   | XOM is BORED!
 11282 | Temple   | XOM: give mutation
 11282 | Temple   | Lost mutation: You are robust. (+10% HP) [Xom's mischief]
 11863 | Temple   | XOM: give mutations
 11863 | Temple   | Gained mutation: You expend magic power (3 MP) to
                  | strengthen your wands. [Xom's mischief]
 11863 | Temple   | Lost mutation: You are weak. (Str -2) [Xom's mischief]
 11863 | Temple   | Gained mutation: Scrolls take you a little longer to read.
                  | [Xom's mischief]
 11863 | Temple   | Gained mutation: You are agile. (Dex +2) [Xom's mischief]
 12698 | Temple   | XOM is BORED!
 13372 | Temple   | XOM: summons 1 hostile demon
 13661 | Temple   | XOM: summons 6 hostile demons
 13749 | D:7      | XOM: god gift: 17 stones
 13892 | Temple   | XOM: scenery: create altars
 14478 | Temple   | XOM: divination: magic mapping
 15513 | Temple   | XOM: give mutation
 15513 | Temple   | Gained mutation: Your body sometimes deteriorates upon
                  | taking damage. [Xom's mischief]
 16240 | Temple   | XOM: summons 6 hostile demons
 17734 | Temple   | XOM: silly message
 17959 | Temple   | XOM is BORED!
 17959 | Temple   | XOM: summons 6 hostile demons
 18482 | Temple   | XOM: scenery: create altars
 18552 | Temple   | XOM: give mutations
 18552 | Temple   | Gained mutation: Your muscles are strong. (Str +2) [Xom's
                  | grace]
 18552 | Temple   | Gained mutation: You are partially covered in thin metallic
                  | scales. (AC +2) [Xom's grace]
 18626 | Temple   | XOM: give mutations
 18626 | Temple   | Gained mutation: You are partially covered in large bone
                  | plates. (SH +4) [Xom's grace]
 18626 | Temple   | Gained mutation: One of your tentacles bears a spike.
                  | [Xom's grace]
 18626 | Temple   | Gained mutation: You evolve. [Xom's grace]
 19140 | Temple   | XOM: scenery: create altars
 19342 | Temple   | XOM: scenery: create altars
 19371 | Temple   | Fell from the grace of Xom
 19371 | Temple   | Became a worshipper of Zin the Law-Giver
 19371 | Temple   | Reached * piety under Zin
 19506 | D:3      | Reached ** piety under Zin
 20177 | D:3      | Reached *** piety under Zin
 20247 | D:3      | Lost mutation: Scrolls take you a little longer to read.
                  | [evolution]
 20298 | D:2      | Noticed Terence
 20302 | D:2      | Killed Terence
 20807 | D:1      | Reached **** piety under Zin
 21561 | D:8      | Found a transporter.
 21565 | D:8      | Found a transporter.
 21565 | D:8      | Identified the +6 mace "Dedufaph" {drain, Dex+5}
 21565 | D:8      | Noticed a tengu warrior
 21569 | D:8      | Found a bloodstained altar of Trog.
 21577 | D:8      | Noticed a moth of wrath
 21601 | D:8      | Reached skill level 1 in Invocations
 21612 | D:8      | Noticed ottosmops's ghost (novice MiFi)
 21668 | D:8      | Found a shimmering altar of Xom.
 21742 | D:8      | Reached skill level 2 in Invocations
 21983 | D:9      | Found a shattered altar of Ashenzari.
 21983 | D:9      | XOM: 5-stop teleportation journey
 22131 | D:9      | Reached skill level 3 in Invocations
 22140 | D:9      | Reached skill level 5 in Dodging
 22158 | D:9      | Found a snail-covered altar of Cheibriados.
 22353 | D:9      | Reached ***** piety under Zin
 22555 | D:10     | Entered Level 10 of the Dungeon
 22555 | D:10     | Noticed an oklob plant
 22569 | D:9      | Reached skill level 4 in Invocations
 22704 | D:10     | Reached skill level 5 in Fighting
 22717 | D:10     | Reached skill level 5 in Invocations
 22807 | D:10     | Identified the cursed +1 ring mail of Vehumet's Reproof
                  | {Int+2}
 22840 | D:10     | Reached skill level 6 in Invocations
 22929 | D:10     | Reached XP level 11. HP: 61/72 MP: 15/15
 22967 | D:10     | Found a staircase to the Lair.
 23011 | D:10     | XOM: summons 4 hostile demons
 23021 | D:10     | Reached skill level 7 in Invocations
 23149 | D:10     | Noticed a two-headed ogre
 23157 | D:10     | Killed a two-headed ogre
 23174 | D:10     | Reached skill level 8 in Invocations
 23492 | D:10     | XOM: stat loss: -2 Dex (13/17)
 23602 | D:11     | Noticed a purple ugly thing
 23611 | D:11     | Killed a purple ugly thing
 23617 | D:11     | Found Loust's Weapon Emporium.
 23732 | D:11     | Reached skill level 9 in Invocations
 23857 | D:11     | Found Tecy's Gadget Boutique.
 23901 | D:11     | Found Harem's Food Shop.
 24200 | D:11     | Got a transparent spear
 24201 | D:11     | Identified the +7 spear "Bicriw" {pain, rElec Str+4} (You
                  | found it on level 11 of the Dungeon)
 24214 | D:11     | Identified 2 scrolls of acquirement
 24215 | D:11     | Identified the ring of Doubts {rPois rC++ MR+ Int+4 Stlth-}
                  | (You acquired it on level 11 of the Dungeon)
 24219 | D:11     | Identified the +0 hat "Rigeixuv" {Stlth+} (You acquired it
                  | on level 11 of the Dungeon)
 24220 | D:11     | Found the +8 longbow "Zephyr" {speed, Dex+3 SInv}
 24364 | D:10     | XOM: god gift: ration
 24516 | D:7      | Found an ancient bone altar of Kikubaaqudgha.
 24583 | D:7      | XOM: noise
 24931 | D:6      | XOM: give mutations
 25330 | D:2      | XOM: noise
 25594 | D:11     | Found Muegaotz's Gadget Shoppe.
 25657 | D:11     | XOM: stat loss: -2 Str (10/13)
 25813 | D:12     | Reached skill level 1 in Bows
 25865 | D:12     | Reached XP level 12. HP: 32/81 MP: 19/19
 26077 | D:12     | XOM: summons 3 hostile demons
 26115 | D:12     | XOM: summons 2 hostile demons
 26134 | D:12     | Reached XP level 13. HP: 77/86 MP: 20/20
 26145 | D:12     | Found a staircase to the Orcish Mines.
 26148 | D:12     | XOM: 3-stop teleportation journey
 26237 | D:12     | XOM: noise
 26312 | D:12     | Noticed Frances
 26486 | D:12     | XOM: give mutations
 26510 | D:12     | XOM: give mutation
 26530 | D:12     | Reached skill level 10 in Invocations
 26931 | D:12     | Killed Frances
 27235 | D:12     | Reached skill level 11 in Invocations
 27453 | D:12     | Reached skill level 10 in Bows
 27649 | D:13     | Found a flagged portal.
 27662 | D:13     | XOM: noise
 27697 | Bailey   | Entered a bailey
 27728 | Bailey   | Learned a level 4 spell: Summon Lightning Spire
 27876 | Bailey   | Noticed an orc warlord
 27946 | Bailey   | Killed an orc warlord
 28032 | Bailey   | Reached ****** piety under Zin
 28035 | Bailey   | Identified the Grimoire of the Well-Known Stories
 28090 | Bailey   | Reached XP level 14. HP: 92/92 MP: 22/22
 28192 | D:13     | Found a frozen archway.
 28212 | IceCv    | Entered an ice cave
 28261 | IceCv    | XOM: summons 12 hostile demons
 28261 | IceCv    | Was forgiven by Xom
 28616 | IceCv    | Found the +4 robe of Augmentation {Str+4 Int+4 Dex+4}
 28769 | IceCv    | Reached skill level 12 in Invocations
 29375 | Orc:1    | Entered Level 1 of the Orcish Mines
 29375 | Orc:1    | Found Yleu's Food Boutique.
 29644 | Orc:2    | Entered Level 2 of the Orcish Mines
 29944 | Orc:2    | Found Oneerimy's Antique Armour Shoppe.
 30009 | Orc:2    | Reached XP level 15. HP: 59/97 MP: 24/24
 30084 | Orc:2    | Noticed an orc warlord
 30317 | Orc:2    | Killed an orc warlord
 30442 | Orc:1    | Reached skill level 13 in Invocations
 30750 | Orc:2    | Found Appob's Antique Weapon Shop.
 30758 | Orc:2    | Found a staircase to the Elven Halls.
 30813 | Orc:2    | Found Cankiupn's Book Shop.
 30930 | Orc:2    | Found Meokahil's General Store.
 30968 | Orc:2    | Bought a potion of curing for 33 gold pieces
 31772 | Lair:1   | Entered Level 1 of the Lair of Beasts
 32018 | Lair:1   | Slain by a six-headed hydra

Levels and vault maps discovered:
D:1:      tarquinn_simple_flora_water_a, layout_basic, st_stairs_12,
          minmay_cut_off
D:2:      layout_loops_ring, nicolae_ru_sacrificial_ziggurat, uniq_terence
D:3:      layout_basic, first_ration
D:4:      layout_basic, nicolae_ossuary_entry_giza, nemelex_lonely_heart_becter
D:5:      lemuel_ice_spiral_2, layout_rooms, grunt_temple_overflow_diamond,
          uniq_blork_the_orc
D:6:      layout_layer_cave, xom_butterflies, makhleb_blood_cavern_becter
D:7:      layout_rooms, kennysheep_vampire_church,
          minmay_temple_entry_statues_pillars, the_bakery,
          hangedman_decor_lopped, kennysheep_generic_room_16, uniq_maggie,
          uniq_joseph
D:8:      layout_cave_pools, basic_altar, gammafunk_ghost_wrathful_warriors
D:9:      layout_rooms, kennysheep_mini, st_stairs_1, small_statue_alley_b,
          ashenzari_altar_1
D:10:     cheibrodos_grave_circle, layout_rooms, dpeg_oklobed_lair
D:11:     layout_loops_corners, serial_shops, nicolae_shop_trees,
          kennysheep_little_box, nicolae_shop_behind_doors, shop
D:12:     layout_loops_ring, orc_0_dummy, abandoned_shop, kennysheep_path_1,
          wad_mini_maze, uniq_frances
D:13:     layout_rooms, enter_bailey_2, portal_ice_cave_demonic_guard
D:14:     layout_small_grid, lightli_vaults_fourway_checkpoint,
          hangedman_abyss_or_decor_clamps, st_stairs_14,
          hangedman_decor_clover_reticule, guppyfry_shop_earth
Temple:   compressed_dpeg_circular_temple
Lair:1:   layout_misc_corridors, lemuel_old_faithful
Orc:1:    layout_caves, serial_shops, shop, nicolae_shop_trees, shop, shop_coins
Orc:2:    grunt_orc_gardens, layout_diamond_mine, grunt_orc_garden,
          grunt_orc_garden, grunt_orc_garden, grunt_orc_garden

Skill      XL: |  1  2  3  4  5  6  7  8  9 10 11 12 13 14 15 |
---------------+----------------------------------------------+-----
Stealth        | 3 4 |  4.0
Unarmed Combat | 2 3 5 6 8 10 12 | 12.2
Fighting       | 3 5 7 |  7.3
Dodging        | 3 6 7 11 12 | 12.4
Invocations    | 6 9 11 12 13 | 13.3
Bows           | 8 10 11 | 11.0
Short Blades   | |  1.0
Evocations     | |  3.2

Action                   |  1- 3 |  4- 6 |  7- 9 | 10-12 | 13-15 || total
-------------------------+-------+-------+-------+-------+-------++-------
Melee: Short sword       |    39 |    91 |       |       |       ||   130
       Constrict         |    11 |    28 |    47 |    79 |   106 ||   271
       Tentacles         |     5 |    33 |    46 |    96 |   195 ||   375
       Punch             |       |     5 |    14 |    54 |    80 ||   153
       Unarmed           |       |    25 |   224 |   513 |   682 ||  1444
       Kick              |       |       |       |   139 |   260 ||   399
 Fire: Longbow           |       |       |       |    17 |   208 ||   225
Invok: Recite            |       |       |       |     2 |    17 ||    19
       Vitalisation      |       |       |       |       |     3 ||     3
       Sanctuary         |       |       |       |       |     2 ||     2
Evoke: Wand              |     3 |     2 |    31 |    11 |    27 ||    74
  Use: Potion            |       |       |     6 |     2 |     1 ||     9
       Scroll            |       |       |       |    15 |     4 ||    19
 Stab: Sleeping          |     2 |     9 |     7 |    28 |     6 ||    52
       Betrayed ally     |       |       |     1 |       |       ||     1
       Distracted        |       |       |       |     3 |     2 ||     5
       Paralysed         |       |       |       |     2 |    18 ||    20
       Invisible         |       |       |       |       |     7 ||     7
       Confused          |       |       |       |       |     9 ||     9
  Eat: Chunk             |       |       |     7 |    13 |     7 ||    27
       Ration            |       |       |       |    17 |     4 ||    21
Armor: Skin              |     2 |     5 |    18 |    31 |    17 ||    73
Dodge: Dodged            |    16 |    53 |    76 |   289 |   459 ||   893
Block: Other             |       |       |       |    52 |    77 ||   129

Table legend:
 A = Non-vault XP
 B = Vault XP
 C = Vault XP percentage of total XP
 D = Non-vault monster count
 E = Vault monster count
 F = Vault count percentage of total count
                 A         B        C        D         E       F
            +---------+---------+-------+---------+---------+-------
      Total |   27640 |   28822 |  51.0 |     350 |     196 |  35.9
            +---------+---------+-------+---------+---------+-------
        D:1 |      14 |       6 |  30.0 |       7 |       4 |  36.4
        D:2 |      34 |      36 |  51.4 |      14 |       1 |   6.7
        D:3 |     243 |       0 |   0.0 |      20 |       0 |   0.0
        D:4 |     484 |      20 |   4.0 |      17 |       3 |  15.0
        D:5 |     626 |      87 |  12.2 |      18 |       1 |   5.3
        D:6 |    1246 |     142 |  10.2 |      25 |       2 |   7.4
        D:7 |     631 |    1198 |  65.5 |      18 |      11 |  37.9
        D:8 |     496 |       0 |   0.0 |      15 |       0 |   0.0
        D:9 |    1090 |     129 |  10.6 |      25 |       1 |   3.8
       D:10 |    3897 |    4518 |  53.7 |      30 |      16 |  34.8
       D:11 |    2054 |       0 |   0.0 |      22 |       0 |   0.0
       D:12 |    7740 |    4279 |  35.6 |      68 |       4 |   5.6
       D:13 |    1991 |     660 |  24.9 |      18 |       2 |  10.0
       D:14 |    1843 |     925 |  33.4 |       6 |       4 |  40.0
     Lair:1 |    1037 |       0 |   0.0 |       5 |       0 |   0.0
      Orc:1 |     431 |     862 |  66.7 |       7 |       5 |  41.7
      Orc:2 |    3783 |    7673 |  67.0 |      35 |      22 |  38.6
    Ossuary |       0 |     558 | 100.0 |       0 |      38 | 100.0
     Bailey |       0 |    3475 | 100.0 |       0 |      61 | 100.0
      IceCv |       0 |    4254 | 100.0 |       0 |      21 | 100.0
            +---------+---------+-------+---------+---------+-------
